Cogmind - Beta 14 @@@ ROGUE MODE // 2025.01.15 @ 15:06:57 Player: Beef Result: Destroyed by Y-45 Defender with Beam Rifle Performance ------------- Evolutions (2) 1000 Regions Visited (9) 1800 Robots Destroyed (119) 595 Value Destroyed (3580) 3580 Prototype IDs (13) 260 Alien Tech Used (0) 0 Bonus (1586) 1586 TOTAL SCORE: 8821 Bonus ------- High Alert Combat Kills 278 Follower Combat Kills 108 Entered Garrisons 200 Used RIF Installer 1000 Cogmind --------- Core Integrity 0/550 Matter 33/300 Energy 75/100 System Corruption 21% Temperature Cool (9) Movement Core (400) Ox7 Location -8/Materials Parts ------- > --- POWER (1) -------- (None) > --- PROPULSION (4) --- (None) > --- UTILITY (4) ------ Large Storage Unit > --- WEAPON (2) ------- Heavy Flail > --- INVENTORY (15) --- Combat Airjet Target Analyzer Improved Propulsion Shielding Reflective Plating Relay Coupler [Grunt] (29) Advanced EMP Blaster Grenade Launcher Mini Grenade Launcher Peak State ------------ > --- POWER ------------ Micro Nuclear Core > --- PROPULSION ------- Gravmag System Gravmag System Gravmag System Combat Airjet > --- UTILITY ---------- Improved Cooling System Large Storage Unit Improved Medium Armor Plating Hacking Suite > --- WEAPON ----------- Enhanced Autogun Enhanced Autogun > --- INVENTORY -------- Light Ion Engine Gravmag System Gravmag System Gravmag System Target Analyzer Improved Propulsion Shielding Improved Medium Armor Plating Reflective Plating Relay Coupler [Grunt] Relay Coupler [Sentry] Improved EM Shotgun Grenade Launcher Mini Grenade Launcher Improved Datajack Heavy Flail [Rating: 45] Favorites ----------- Power Ion Engine Engine Ion Engine Power Core Light Nuclear Core Propulsion Aluminum Leg Treads Light Treads Leg Aluminum Leg Wheel Wheel Hover Unit Gravmag System Flight Unit Improved VTOL Module Utility Large Storage Unit Device ECM Suite Storage Large Storage Unit Processor Terrain Scan Processor Hackware Hacking Suite Protection Improved Medium Armor Plating Weapon Advanced Beam Rifle Energy Gun Advanced Beam Rifle Ballistic Gun Shotgun Launcher Grenade Launcher Impact Weapon Heavy Flail Special Melee Weapon Datajack Build | -11 -10 -10 -9 -9 -9 -8 -8 -8 -8 ------- Run | Yrd Mat Min Mat Min Exi Min Mat Gar Mat Slots Evolved 4 | . . . 2 . . . 2 . . Power . | . . . . . . . . . . Propulsion 2 | . . . 1 . . . 1 . . Utility 2 | . . . 1 . . . 1 . . Weapon . | . . . . . . . . . . Parts Attached 134 | 5 4 6 11 1 1 14 13 31 48 Power 16 | 1 1 1 1 . . 2 1 5 4 Engine 11 | 1 1 1 1 . . 1 1 2 3 Core 5 | . . . . . . 1 . 3 1 Reactor . | . . . . . . . . . . Propulsion 44 | 2 . 2 4 . . 4 4 9 19 Treads 2 | 2 . . . . . . . . . Leg 20 | . . . 3 . . 4 4 9 . Wheel 3 | . . 2 1 . . . . . . Hover 14 | . . . . . . . . . 14 Flight 5 | . . . . . . . . . 5 Utility 32 | 1 2 . 2 . 1 2 6 5 13 Device 13 | . 1 . 1 . . 1 3 3 4 Storage 4 | 1 1 . 1 . 1 . . . . Processor 1 | . . . . . . . 1 . . Hackware 3 | . . . . . . . . . 3 Protection 11 | . . . . . . 1 2 2 6 Artifact . | . . . . . . . . . . Weapon 42 | 1 1 3 4 1 . 6 2 12 12 Energy Gun 11 | . . . . . . . 2 6 3 Energy Cannon . | . . . . . . . . . . Ballistic Gun 16 | 1 1 2 3 . . 4 . . 5 Ballistic Cannon . | . . . . . . . . . . Launcher 11 | . . 1 1 . . 2 . 6 1 Special Weapon . | . . . . . . . . . . Impact Weapon 2 | . . . . . . . . . 2 Slashing Weapon . | . . . . . . . . . . Piercing Weapon . | . . . . . . . . . . Special Melee Weapon 2 | . . . . 1 . . . . 1 Unidentified Prototypes 5 | . . . . . . . 1 . 4 Parts Lost 27 | . . 3 . . . 2 . 9 13 Power 6 | . . . . . . . . 4 2 Propulsion 11 | . . 3 . . . . . 3 5 Utility 7 | . . . . . . 2 . 2 3 Weapon 3 | . . . . . . . . . 3 Highest Loss Streak 8 | . . 2 . . . 1 . 3 8 To Critical Strikes 1 | . . . . . . . . . 1 Average Slot Usage (%) 95 | . 94 97 94 100 100 96 94 96 90 Engine 7 | . 14 14 11 11 11 4 3 3 1 Core 3 | . . . . . . 6 5 5 6 Treads 5 | . 28 13 . . . . . . . Leg 19 | . . . 25 33 33 33 33 34 4 Wheel 1 | . . 13 5 . . . . . . Hover 3 | . . . . . . . . . 23 Device 14 | . 13 14 18 22 22 12 14 14 9 Storage 10 | . 14 14 11 11 11 11 9 9 9 Hackware 1 | . . . . . . . . . 6 Protection 4 | . . . . . . 6 3 11 8 Energy Gun 5 | . . . . . . . 12 17 8 Ballistic Gun 13 | . 23 27 21 13 11 21 5 . 7 Special Melee Weapon 1 | . . . . 8 11 . . . . Peak Build Rating 45 | 5 8 9 13 13 13 19 30 32 45 Average Rating 19 | 3 6 7 12 12 13 16 26 29 37 On Entrance 13 | . 5 8 7 13 13 13 19 29 32 Naked Turns . | . . . . . . . . . . Heaviest Build 46 | 11 29 27 34 34 32 35 35 45 46 Greatest Support 48 | 40 40 40 30 30 30 33 48 48 40 Greatest Overweight (x) 6 | . . 2 3 1 1 1 1 1 6 Average Overweight (x) . | . . 1 1 1 1 . . . . Largest Inventory Capacity 15 | 8 15 15 15 15 15 15 15 15 15 Average Capacity 14 | 7 12 15 15 15 15 15 15 15 15 Most Carried 15 | 1 10 13 15 15 15 15 15 15 15 Average Carried 12 | . 4 11 12 14 14 15 14 14 13 Final Capacity 15 | 8 15 15 15 15 15 15 15 15 15 Final Carried 15 | 1 10 12 14 15 15 15 14 15 8 Class Distribution -------------------- 56% | Scavenger-Mutant 23% | Mutant 19% | Infiltrator-Mutant Dominant Class ---------------- Mutant | -10/Materials Scavenger-Mutant | -10/Mines Infiltrator-Mutant | -9/Materials Infiltrator-Mutant | -9/Mines Infiltrator-Mutant | -9/Exiles Scavenger-Mutant | -8/Mines Scavenger-Mutant | -8/Materials Scavenger-Mutant | -8/Garrison Scavenger-Mutant | -8/Materials Resources | -11 -10 -10 -9 -9 -9 -8 -8 -8 -8 ----------- Run | Yrd Mat Min Mat Min Exi Min Mat Gar Mat Matter Collected 2485 | 250 214 119 172 50 10 411 135 455 669 Remotely . | . . . . . . . . . . Salvage Created 3816 | . 606 104 201 . . 635 197 855 1218 Parts 231 | . 43 18 15 . . 43 8 53 51 Haulers Intercepted 4 | . 1 . . . . . 1 . 2 Recyclers Shooed 1 | . 1 . . . . . . . . Parts Field Recycled . | . . . . . . . . . . Retrieved Matter . | . . . . . . . . . . Parts Self-Destructed . | . . . . . . . . . . Prevented . | . . . . . . . . . . Kills | -11 -10 -10 -9 -9 -9 -8 -8 -8 -8 ------- Run | Yrd Mat Min Mat Min Exi Min Mat Gar Mat Combat Hostiles Destroyed 89 | . 8 6 5 . . 17 3 30 20 Guns 64 | . 8 3 4 . . 14 3 14 18 AOE 21 | . . 3 1 . . 3 . 14 . Classes Destroyed 13 | . 8 . 1 . . 2 1 1 . Worker 10 | . 4 1 . . . 2 . . 3 Builder 4 | . 2 2 . . . . . . . Tunneler 2 | . 1 . . . . 1 . . . Hauler 4 | . 1 . . . . . 1 . 2 Recycler 4 | . 2 . . . . 2 . . . Operator 3 | . . . 1 . . . 1 . 1 Watcher 3 | . 2 . . . . . . . 1 Swarmer 32 | . 4 6 . . . 8 . 12 2 Grunt 39 | . 4 . 5 . . 6 2 11 11 Brawler 2 | . . . . . . 2 . . . Duelist 2 | . . . . . . 1 . 1 . Sentry 11 | . . . . . . . 1 3 7 Programmer 3 | . . . . . . . . 3 . Best Kill Streak 8 | . 4 4 4 . . 5 2 6 8 Combat Bots Only 6 | . 3 3 4 . . 4 2 6 6 Max Kills in Single Turn 4 | . 1 2 1 . . 2 1 4 1 Gunslinging 1 | . . . . . . 1 . . . Exploded 4 | . . 2 1 . . 1 . 4 . Melee . | . . . . . . . . . . Uniques/NPCs Destroyed . | . . . . . . . . . . Combat | -11 -10 -10 -9 -9 -9 -8 -8 -8 -8 -------- Run | Yrd Mat Min Mat Min Exi Min Mat Gar Mat Hostile Shots Fired 483 | . 66 29 12 . . 68 14 125 169 Missed 118 | . 21 8 4 . . 13 2 34 36 Damage Taken 5353 | . 487 234 159 56 . 739 181 1469 2028 Core 853 | . 67 42 20 . . 173 . 154 397 Absorbed by Shields . | . . . . . . . . . . Ignored by Resistances 62 | . . . . . . . . . 62 Core Remaining (%) 69 | 100 . 56 . . . 51 . . . Volleys Fired 376 | . 103 17 11 . . 37 14 80 114 Largest 2 | . 2 2 2 . . 2 2 2 2 Hottest 122 | . 40 40 46 . . 46 122 122 122 Shots Fired 686 | . 174 29 20 . . 68 28 155 212 Gun 661 | . 174 24 18 . . 64 28 141 212 Cannon . | . . . . . . . . . . Launcher 25 | . . 5 2 . . 4 . 14 . Special . | . . . . . . . . . . Kinetic 403 | . 174 24 18 . . 64 . . 123 Thermal 248 | . . . . . . . 28 141 79 Explosive 25 | . . 5 2 . . 4 . 14 . Electromagnetic 10 | . . . . . . . . . 10 Robot Hit Streak 13 | . 7 8 4 . . 10 7 10 13 Robot Miss Streak 6 | . 6 3 3 . . 5 2 2 6 Penetration Max . | . . . . . . . . . . Secondary Targets 10 | . . . 1 . . 2 . 2 5 Max Gunslinging Chain 1 | . . . 1 . . 1 . 1 1 Shots Hit Robots 417 | . 93 17 14 4 . 50 17 78 144 Core Hits 200 | . 40 13 11 . . 38 8 48 42 Critical Kills . | . . . . . . . . . . Critical Parts Destroyed 2 | . . . . . . . . . 2 Critical Strikes 16 | . . . . . . . . 5 11 Burn 14 | . . . . . . . . 5 9 Destroy 1 | . . . . . . . . . 1 Smash 1 | . . . . . . . . . 1 Melee Attacks 6 | . . . . 4 . . . . 2 Impact 2 | . . . . . . . . . 2 Slashing . | . . . . . . . . . . Piercing . | . . . . . . . . . . Sneak Attacks 4 | . . . . 4 . . . . . Combat Hostiles . | . . . . . . . . . . Follow-up Attacks . | . . . . . . . . . . Damage Inflicted 8048 | . 777 419 256 . . 1114 340 2498 2644 Guns 6153 | . 776 115 174 . . 705 340 1470 2573 Cannons . | . . . . . . . . . . Explosions 1858 | . . 301 82 . . 409 . 1028 38 Melee 32 | . . . . . . . . . 32 Ramming 5 | . 1 3 . . . . . . 1 Kinetic 3165 | . 776 115 174 . . 705 . . 1395 Thermal 2888 | . . . . . . . 340 1470 1078 Explosive 1820 | . . 301 82 . . 409 . 1028 . Electromagnetic 138 | . . . . . . . . . 138 Impact 32 | . . . . . . . . . 32 Slashing . | . . . . . . . . . . Piercing . | . . . . . . . . . . Highest Corruption 21 | . . . . . . . . 3 21 Average Corruption 6 | . . . . . . . . 2 7 Corruption Purged . | . . . . . . . . . . Corruption Blocked . | . . . . . . . . . . Effects 37 | . . . . . . . . 7 30 Message Errors 5 | . . . . . . . . . 5 Matter Fused 7 | . . . . . . . . 4 3 Heat Flow Errors 10 | . . . . . . . . . 10 Energy Discharges 3 | . . . . . . . . 1 2 Parts Rejected 1 | . . . . . . . . . 1 Data Loss (minor) 3 | . . . . . . . . . 3 Data Loss (major) 3 | . . . . . . . . 1 2 Misfires 2 | . . . . . . . . 1 1 Alerts 1 | . . . . . . . . . 1 Weapon Failures 2 | . . . . . . . . . 2 Overload Shots . | . . . . . . . . . . Overflow Damage 70 | . . 8 . . . . . 30 32 Projectiles . | . . . . . . . . . . Explosions 38 | . . 8 . . . . . 30 . Melee 32 | . . . . . . . . . 32 Knockbacks . | . . . . . . . . . . Impact . | . . . . . . . . . . Kinetic . | . . . . . . . . . . Secondary . | . . . . . . . . . . Self-Inflicted Damage 148 | . . 81 29 . . . . 9 29 Shots 5 | . . 2 1 . . . . 1 1 Rammed 3 | . 1 1 . . . . . . 1 Targets Rammed 4 | . 1 1 . . . 1 . . 1 Kicked 1 | . . . . . . 1 . . . Crushed . | . . . . . . . . . . Highest Temperature 442 | . 18 . 7 . . 9 84 168 442 Average Temperature 77 | . 7 . 4 . . 3 26 52 112 Received Heat Transfer 1932 | . 153 . 69 9 . 234 99 459 909 Effects 1 | . . . . . . . . . 1 Energy Bleed 1 | . . . . . . . . . 1 Siege Activations . | . . . . . . . . . . Robots Corrupted 1 | . . . . . . . . . 1 Combat Hostiles 1 | . . . . . . . . . 1 Parts Fried 2 | . . . . . . . . . 2 Impact Corruptions 1 | . . . . . . . . . 1 Robots Melted 3 | . . . . . . . . 2 1 Combat Hostiles 3 | . . . . . . . . 2 1 Parts Melted 11 | . . . . . . . 2 7 2 Heat Transferred 6059 | . . . . . . . 629 2790 2640 Parts Sabotaged . | . . . . . . . . . . Parts Stolen . | . . . . . . . . . . Parts Stripped . | . . . . . . . . . . Power Chain Reactions 1 | . . . . . . . . . 1 Alert | -11 -10 -10 -9 -9 -9 -8 -8 -8 -8 ------- Run | Yrd Mat Min Mat Min Exi Min Mat Gar Mat Peak Influence 776 | . 153 148 452 97 . 255 214 776 665 Initial 378 | . . 35 35 97 . . 85 9 378 Average 246 | . 66 128 205 97 . 170 124 508 370 Maximum Alert Level 3 | . . . 2 . . 1 1 3 2 Low Security (%) 52 | 100 100 100 24 100 . 57 98 10 4 Level 1 27 | . . . 70 . . 42 1 25 59 Level 2 14 | . . . 4 . . . . 35 35 Level 3 5 | . . . . . . . . 29 . Level 4 . | . . . . . . . . . . Level 5 . | . . . . . . . . . . High Security . | . . . . . . . . . . Max Security . | . . . . . . . . . . Squads Dispatched 5 | . 1 . 2 . . . 1 . 1 Investigation 1 | . . . 1 . . . . . . Extermination . | . . . . . . . . . . Reinforcement 4 | . 1 . 1 . . . 1 . 1 Assault . | . . . . . . . . . . Garrison . | . . . . . . . . . . Intercept . | . . . . . . . . . . Searches Triggered . | . . . . . . . . . . Construction Impeded . | . . . . . . . . . . Haulers Reinforced . | . . . . . . . . . . Active Scanning Responses . | . . . . . . . . . . Cargo Convoy Interrupts . | . . . . . . . . . . Stealth | -11 -10 -10 -9 -9 -9 -8 -8 -8 -8 --------- Run | Yrd Mat Min Mat Min Exi Min Mat Gar Mat Distress Signals 10 | . . . 6 . . . . . 4 Communications Jammed . | . . . . . . . . . . Distress Signals . | . . . . . . . . . . Times Spotted 131 | . 28 8 9 2 . 20 5 26 33 Peak Tracking Total 5 | . 4 3 2 2 . 4 2 3 5 Tactical Retreats 10 | . 4 1 1 . . 1 . . 3 Traps | -11 -10 -10 -9 -9 -9 -8 -8 -8 -8 ------- Run | Yrd Mat Min Mat Min Exi Min Mat Gar Mat Traps Triggered 9 | . 1 . . . . . . 2 6 Indirectly . | . . . . . . . . . . Trap Hack Attempts . | . . . . . . . . . . Triggered . | . . . . . . . . . . Disarmed . | . . . . . . . . . . Reprogrammed . | . . . . . . . . . . Reused . | . . . . . . . . . . Traps Extracted . | . . . . . . . . . . Installed . | . . . . . . . . . . Triggered . | . . . . . . . . . . Machines | -11 -10 -10 -9 -9 -9 -8 -8 -8 -8 ---------- Run | Yrd Mat Min Mat Min Exi Min Mat Gar Mat Machines Disabled 13 | . . . 8 . . . . 4 1 Max in Single Turn 6 | . . . 6 . . . . 1 1 Garrison Relay 2 | . . . . . . . . 2 . Machines Repaired . | . . . . . . . . . . Machines Dismantled . | . . . . . . . . . . Machines Sabotaged . | . . . . . . . . . . Overloaded Fab Kills . | . . . . . . . . . . Hacking | -11 -10 -10 -9 -9 -9 -8 -8 -8 -8 --------- Run | Yrd Mat Min Mat Min Exi Min Mat Gar Mat Machines Accessed 24 | . 7 1 3 . 2 . 4 2 5 Terminals 18 | . 7 1 2 . . . 2 2 4 Fabricators . | . . . . . . . . . . Repair Stations . | . . . . . . . . . . Recycling Units 1 | . . . 1 . . . . . . Scanalyzers 2 | . . . . . . . 1 . 1 Garrison Access 1 | . . . . . . . 1 . . Total Hacks 65 | . 19 3 7 . 5 . 7 3 21 Successful 45 | . 12 2 5 . 5 . 6 1 14 Failed 20 | . 7 1 2 . . . 1 2 7 Catastrophic 4 | . 2 . 1 . . . . . 1 Database Lockouts . | . . . . . . . . . . Manual 30 | . 11 . 4 . . . 3 . 12 Terminals 52 | . 19 3 5 . . . 4 3 18 Fabricators . | . . . . . . . . . . Repair Stations . | . . . . . . . . . . Recycling Units 2 | . . . 2 . . . . . . Scanalyzers 5 | . . . . . . . 2 . 3 Garrison Access 1 | . . . . . . . 1 . . Terminal Hacks 26 | . 8 2 1 . 5 . 1 1 8 Record 5 | . . . . . 5 . . . . Robot Analysis 1 | . . . . . . . . . 1 Open Door 1 | . . . . . . . . 1 . Level Access Points 2 | . 1 1 . . . . . . . Branch Access Points 1 | . . . . . . . 1 . . Emergency Access Points 1 | . 1 . . . . . . . . Terminal Index 1 | . 1 . . . . . . . . Alert Level 2 | . 1 . . . . . . . 1 Unreport Threat 2 | . . . . . . . . . 2 Locate Traps 1 | . . . 1 . . . . . . Recall Reinforcements 1 | . . . . . . . . . 1 Hauler Manifests 1 | . . . . . . . . . 1 Registered Components 2 | . 1 . . . . . . . 1 Registered Prototypes 1 | . 1 . . . . . . . . Zone Layout 4 | . 2 1 . . . . . . 1 Fabricator Hacks . | . . . . . . . . . . Repair Station Hacks . | . . . . . . . . . . Recycling Unit Hacks 1 | . . . 1 . . . . . . Report Inventory 1 | . . . 1 . . . . . . Scanalyzer 4 | . . . . . . . 2 . 2 Insert Component 2 | . . . . . . . 1 . 1 Analyze 2 | . . . . . . . 1 . 1 Garrison Access Hacks 1 | . . . . . . . 1 . . Unlock Access 1 | . . . . . . . 1 . . Unauthorized Hacks 13 | . 4 . 3 . . . 2 . 4 Terminals 12 | . 4 . 2 . . . 2 . 4 Botnet 12 | . 4 . 2 . . . 2 . 4 Fabricators . | . . . . . . . . . . Repair Stations . | . . . . . . . . . . Recycling Units 1 | . . . 1 . . . . . . Tunnel 1 | . . . 1 . . . . . . Scanalyzers . | . . . . . . . . . . Garrison Access . | . . . . . . . . . . Data Cores Recovered . | . . . . . . . . . . Used . | . . . . . . . . . . Hacking Detections 16 | . 7 . 1 . . . 3 2 3 Full Trace Events 1 | . . . . . . . . . 1 Feedback Events . | . . . . . . . . . . Feedback Blocked . | . . . . . . . . . . Robot Schematics Acquired . | . . . . . . . . . . Robots Built . | . . . . . . . . . . Authchips . | . . . . . . . . . . Time . | . . . . . . . . . . Total Robot Build Rating . | . . . . . . . . . . Part Schematics Acquired 2 | . . . . . . . 1 . 1 Parts Built . | . . . . . . . . . . Authchips . | . . . . . . . . . . Time . | . . . . . . . . . . Total Part Build Rating . | . . . . . . . . . . Parts Repaired . | . . . . . . . . . . Time . | . . . . . . . . . . Parts Recycled . | . . . . . . . . . . Recycled Matter . | . . . . . . . . . . Retrieved Matter . | . . . . . . . . . . Retrieved Components . | . . . . . . . . . . Parts Scanalyzed 2 | . . . . . . . 1 . 1 Part Schematics Acquired 2 | . . . . . . . 1 . 1 Parts Damaged . | . . . . . . . . . . Bothacking | -11 -10 -10 -9 -9 -9 -8 -8 -8 -8 ------------ Run | Yrd Mat Min Mat Min Exi Min Mat Gar Mat Used RIF Installer 2 | . . . . . . . . 2 . Coupler Efficiency 1 | . . . . . . . . 1 . Robots Hacked 3 | . . . . 3 . . . . . Non-combat . | . . . . . . . . . . Combat 3 | . . . . 3 . . . . . Robot Hacks Applied 4 | . . . . 4 . . . . . parse_system 4 | . . . . 4 . . . . . Relay Couplers Released 9 | . . . . . . . . 9 . Machine Destruction 9 | . . . . . . . . 9 . Attached 1 | . . . . . . . . . 1 Fabnet Peak Effective % . | . . . . . . . . . . Robots Rewired . | . . . . . . . . . . Allies Hacked . | . . . . . . . . . . Hacks Repelled . | . . . . . . . . . . Allies | -11 -10 -10 -9 -9 -9 -8 -8 -8 -8 -------- Run | Yrd Mat Min Mat Min Exi Min Mat Gar Mat Total Allies 2 | . . 1 . 1 . . . . . Largest Group 2 | . . 1 1 2 2 . . . . Highest-Rated Group 62 | . . 31 31 62 62 . . . . Highest-Rated Ally 31 | . . 31 31 31 31 . . . . Total Orders . | . . . . . . . . . . Ally Attacks 32 | . . . 11 21 . . . . . Total Damage 424 | . . . 171 253 . . . . . Kills 4 | . . . 4 . . . . . . Allies Corrupted . | . . . . . . . . . . Allies Melted . | . . . . . . . . . . Intel | -11 -10 -10 -9 -9 -9 -8 -8 -8 -8 ------- Run | Yrd Mat Min Mat Min Exi Min Mat Gar Mat Robot Analysis Total 1 | . . . . . . . . . 1 Derelict Logs Recovered 1 | . . 1 . . . . . . . Drone Launches . | . . . . . . . . . . Drone Recoveries . | . . . . . . . . . . Exploration | -11 -10 -10 -9 -9 -9 -8 -8 -8 -8 ------------- Run | Yrd Mat Min Mat Min Exi Min Mat Gar Mat Turns Passed 6267 | 81 1083 445 457 197 640 783 412 1138 1031 Spaces Moved 3492 | 49 495 350 249 97 331 380 256 602 683 Core 5 | 5 . . . . . . . . . Treads 543 | 44 495 4 . . . . . . . Legs 1909 | . . . 154 97 331 380 256 602 89 Wheels 441 | . . 346 95 . . . . . . Hover 516 | . . . . . . . . . 516 Flight 78 | . . . . . . . . . 78 Fastest Speed 50 | 50 160 110 100 190 190 120 120 120 53 Average Speed 139 | 148 160 110 157 190 190 169 133 134 88 Slowest Speed 455 | 160 160 160 190 190 190 190 190 190 455 Overloaded Moves . | . . . . . . . . . . Propulsion Burnouts . | . . . . . . . . . . Robots Hopped . | . . . . . . . . . . Cave-ins Triggered . | . . . . . . . . . . Exploration Rate (%) 52 | 4 88 78 32 30 82 79 19 65 50 Regions Visited 9 Branch Regions 4 Pre-discovered Areas 3 | . . 1 1 . 1 . . . . Known Exits Taken 2 | . . 1 . . . . 1 . . Unknown Exits Taken 6 | 1 1 . 1 1 1 1 . . . Scrap Searched 1 | . . 1 . . . . . . . Spaces Dug . | . . . . . . . . . . Terrain Destroyed 137 | . . 47 4 . . 37 . 46 3 Melee . | . . . . . . . . . . Projectile 1 | . . . . . . . . 1 . AOE 136 | . . 47 4 . . 37 . 45 3 Terrain Rammed . | . . . . . . . . . . Walls Destroyed . | . . . . . . . . . . Machines Disabled . | . . . . . . . . . . Actions | -11 -10 -10 -9 -9 -9 -8 -8 -8 -8 --------- Run | Yrd Mat Min Mat Min Exi Min Mat Gar Mat Total 4305 | 55 645 383 297 110 343 450 300 778 944 Wait 145 | . 32 3 2 4 9 13 . 30 52 Move 3483 | 48 494 349 248 96 330 379 255 601 683 Hop . | . . . . . . . . . . Pick Up 67 | 2 9 4 12 3 1 . 5 19 12 Fast Attach 38 | 4 2 . 2 . . 3 5 2 20 Attach 33 | 1 . 3 2 . . . 2 9 16 Detach 11 | . . 1 1 . . . 1 . 8 Swap 63 | . 2 3 7 1 1 11 6 20 12 Drop 79 | . 2 2 12 2 2 6 12 17 24 Fire 376 | . 103 17 11 . . 37 14 80 114 Melee 6 | . . . . 4 . . . . 2 Ram 1 | . . . . . . . . . 1 Kick 1 | . . . . . . 1 . . . Crush 2 | . 1 1 . . . . . . . Escape Stasis . | . . . . . . . . . . Rewire . | . . . . . . . . . . Trap . | . . . . . . . . . . Miscellaneous . | . . . . . . . . . . Route ------- -11/Scrapyard -10/Materials (discovered 5 exits: *Mat x3 / *Min x2) -10/Mines (discovered 2 exits: *Mat x2) -9/Materials -9/Mines (discovered 2 exits: *Mat / *Exi) -9/Exiles (discovered 2 exits: [*Min x2]) -8/Mines (discovered 2 exits: *Mat x2) -8/Materials -8/Garrison (discovered 2 exits: *Mat x2) -8/Materials (discovered 1 exit: [*Fac]) History --------- Turn | Location | Event 5 | -11/Scrapyard | Discovered new exit (range 15) 82 | -11/Scrapyard | Entered Materials 193 | -10/Materials | Discovered new exit (range 10) 211 | -10/Materials | Identified exit to Materials 307 | -10/Materials | Build established: Mutant 499 | -10/Materials | Discovered new exit (range 15) 1165 | -10/Materials | Entered Mines 1526 | -10/Mines | Learned location of Mines (-9) 1531 | -10/Mines | Received a Rocket Launcher from a helpful Derelict 1532 | -10/Mines | Build established: Scavenger-Mutant 1598 | -10/Mines | Escorted by a lone wolf Derelict 1610 | -10/Mines | Entered Materials 1610 | -9/Materials | Accompanied by 1 ally 1610 | -9/Materials | Evolved 2 slots: Propulsion x1, Utility x1 2014 | -9/Materials | Met 8R-AWN 2015 | -9/Materials | Build established: Infiltrator-Mutant 2049 | -9/Materials | Discovered new exit (range 7) 2067 | -9/Materials | Entered Mines 2067 | -9/Mines | Accompanied by 1 ally 2069 | -9/Mines | Followed 8R-AWN into the Mines 2070 | -9/Mines | Assembled infested the area 2070 | -9/Mines | Received a Mining Laser from a helpful Derelict 2200 | -9/Mines | Discovered new exit (range 12) 2247 | -9/Mines | Discovered new exit (range 6) 2264 | -9/Mines | Entered Exiles 2264 | -9/Exiles | Accompanied by 2 allies 2289 | -9/Exiles | Discovered new exit (range 15) 2310 | -9/Exiles | Welcomed by 8R-AWN 2350 | -9/Exiles | Met EX-HEX 2363 | -9/Exiles | Learned about 8R-AWN's background 2431 | -9/Exiles | Met EX-BIN 2492 | -9/Exiles | Met EX-DEC 2505 | -9/Exiles | Learned location of Zion (-6) 2580 | -9/Exiles | Visited The Gauntlet 2887 | -9/Exiles | Discovered new exit (range 11) 2904 | -9/Exiles | Entered Mines 3227 | -8/Mines | Build established: Scavenger-Mutant 3509 | -8/Mines | Discovered new exit (range 10) 3572 | -8/Mines | Discovered new exit (range 13) 3687 | -8/Mines | Entered Materials 3687 | -8/Materials | Evolved 2 slots: Propulsion x1, Utility x1 4093 | -8/Materials | Identified exit to Garrison 4099 | -8/Materials | Entered Garrison 4209 | -8/Garrison | Triggered checkpoint 4229 | -8/Garrison | Triggered checkpoint 4394 | -8/Garrison | Installed Relay Interface Framework 4415 | -8/Garrison | Discovered new exit (range 10) 4451 | -8/Garrison | Triggered checkpoint 4494 | -8/Garrison | Lost 3 parts (1p2u) 4500 | -8/Garrison | Garrison Relay disabled 4592 | -8/Garrison | Triggered checkpoint 4765 | -8/Garrison | Triggered checkpoint 4845 | -8/Garrison | Garrison Relay disabled 5014 | -8/Garrison | Expanded RIF knowledge: Coupler Efficiency 5095 | -8/Garrison | Discovered new exit (range 5) 5237 | -8/Garrison | Entered Materials 5718 | -8/Materials | Discovered new exit (range 8) 5987 | -8/Materials | Core integrity fell below 50% 6002 | -8/Materials | System corruption reached 10% 6066 | -8/Materials | Lost 8 parts (1p5n1u1w) 6260 | -8/Materials | Core integrity fell below 20% 6268 | -8/Materials | Destroyed by Y-45 Defender with Beam Rifle Last Messages --------------- 06253_ T-07 Excavator is excavating. 06253_ Imp. EM Shotgun destroyed. 06255_ Triggered Blade Trap. 06255_ Massive razor-sharp blades shoot up from within the floor. 06255_ Gravmag System severed. 06255_ Hvy. Flail severed. 06256_ Lgt. Angular Momentum Engine destroyed. 06257_ T-07 Excavator is excavating. 06258_ Acquired Gravmag System. 06259_ System corrupted: Gravmag System rejected. 06259_ Slammed into Y-45 Defender. 06263_ Acquired Hvy. Flail. 06263_ R-06 Scavenger collects Imp. VTOL Module. 06264_ Y-45 Defender suffers critical hit (Burn). 06264_ Y-45 Defender suffers critical hit (Smash). 06264_ Destroyed Heat Sink. 06264_ Y-45 Defender system corrupted by crushing effect. 06265_ Y-45 Defender system terminally corrupted. 06265_ Lgt. Armor Plating fried. 06267_ R-06 Scavenger collects Imp. VTOL Module. Map ----- +----------------------------------------------------+ | # #? """????# #????????????????????? | | # #? """ ??# #????????????????????? | | # ## """ # #????????????????????? | | ## + #????????????????????? | | # ## """ # #????????????????????? | | # #? """ ??# #????????????????????? | | # #? """????# #????????????????????? | | # #? ??????# #????????????????????? | | # #####+##### #????????????????????? | | # #????????????????????? | | [% # #????????????????????? | | % # #????????????????????? | | ### #+#####+#+#???????######???????? | | ??# # #???????# ????????? | | ??# # #???????# ????????? | | ??# # #???????# ????????? | | ??# # #???????# #?##?????? | | ?## ###########???????# # ??????? | | ?# ###########??????# # ???????? | | ?# #??????+ ????????? | | ?# #??????# #????????? | | ?# ! #??????# #????????? | | ?# ####### #??????#/ #????????? | | ?### ###?????# #??????# =^#????????? | | ?? ????????# #??????#= #????????? | | ? ???????## ##?????#@ur#????????? | | # ???????# #######Y #????????? | | # ???????# u #????????? | | # ???????# #????????? | | ## ???????# #????????? | | ?# ???????# ###+#######????????? | | ?## ????????## ##? ??????????????? | | ??##?????????# #?? ??????????????? | | ?????????????# #? ?????????????? | | ?????????????# #? !* ?????????????? | | ?????????????# ## !* ????????????? | | ?????????????# ## ????????????? | | ?????????????# ## ???????????? | | ######???????# ?# ???????????? | | "" ???????# ?# ??????????? | | Y" ???????# ?#########??????????? | | ???????# ????????????????????? | | ????????? ?????????????????????? | | ???????????????????????????????? | | """ ???????????????????????????????? | | """ ???????????????????????????????? | | """ ???????????????????????????????? | | ???????????????????????????????? | | ######???????????????????????????????? | | #????????????????????????????????????? | +----------------------------------------------------+ Best States ------------- Heat Dissipation 58 Energy Generation 18 Energy Capacity 250 Matter Stores 300 Matter Capacity 300 Sight Range 16 Robot Scan Range 14 Terrain Scan Range 16 Terrain Scan Density 85 ECM Strength 1 Armor Coverage 450 Resistance: TH 10 Evasion (%) 63 Recoil Reduction 2 Offensive Hacking 10 Item Schematics ----------------- Cmb. Airjet | -8/Materials | Scanalyzed Gravmag System | -8/Materials | Scanalyzed Robot Schematics ------------------ None Fabricated ------------ Nothing Alien Tech Used ----------------- None Achievements -------------- None Challenges ------------ None Game ------ Seed ParticlePointyPendant Manual? 0 Play Time 00:44:26 Cumulative 163.8 hours Start 2025.01.15 @ 13:15:09 End 2025.01.15 @ 15:06:57 Sessions 1 Manual Loads 0 Difficulty Rogue Special Mode None Game No. 180 Rogue 180 Adventurer 0 Explorer 0 Win Type - Total 3 Types 2/0/1/0/0/0/0/0/0 Lore% 64 Gallery% 72 Achievement% 54 Wizard Run 0 Options --------- Layout 0 ASCII 0 Keyboard 1 Movement Numpad Keybinds 0 Fullscreen 2 Font 18/SmallcapsGlow Map View 76x50 Zoom Use 0% Tactical HUD 1 Map Filters NONE Filters NONE Steam 1 RUN: de4fdf7b-0436-418f-93eb-6bf8767481b0